 Dungeon Crawl Stone Soup version 0.29-a0-330-g52719c12eb (webtiles) character file.

Game seed: 754251445726204411

698 Crownlay the Firebug (level 7, -1/51 HPs)
             Began as a Gnoll Fire Elementalist on May 3, 2022.
             Slain by a sky beast (5 damage)
             ... on level 5 of the Dungeon.
             The game lasted 00:06:25 (6321 turns).

Crownlay the Firebug (Gnoll Fire Elementalist)      Turns: 6321, Time: 00:06:26

Health: -1/51      AC:  2    Str:  7    XL:     7   Next: 65%
Magic:  1/15       EV: 14    Int: 16    God:
Gold:   325        SH:  0    Dex: 13    Spells: 7/17 levels left

rFire   + . .      SeeInvis .   i - +0 dagger
rCold   + . .      Faith    .   (no shield)
rNeg    . . .      Spirit   .   g - +0 robe {rC+ rF+}
rPois   .          Reflect  .   (no helmet)
rElec   .          Harm     .   (no cloak)
rCorr   .          Rampage  .   (no gloves)
Will    .....                   (no boots)
Stlth   +++.......              (no amulet)
HPRegen 0.17/turn               (no ring)
MPRegen 0.14/turn               (no ring)

@: no status effects
A: fangs 1, strong nose, distributed training
a: no special abilities


You were on level 5 of the Dungeon.
You visited 1 branch of the dungeon, and saw 5 of its levels.

You collected 325 gold pieces.

Inventory:

Hand Weapons
 i - a +0 dagger (weapon)
Missiles
 r - a throwing net
Armour
 g - a +0 robe of resistance (worn)
Scrolls
 d - a scroll of holy word
 f - a scroll of enchant armour
 j - a scroll of blinking
 n - a scroll of amnesia {unknown}
Potions
 b - 2 potions of magic
 e - a potion of berserk rage {unknown}
 k - 2 potions of heal wounds {unknown}
 l - 4 potions of curing {unknown}
 m - 2 potions of haste {unknown}
 o - a potion of flight {unknown}
 p - 3 potions of cancellation {unknown}
 q - a potion of attraction {unknown}


   Skills:
 + Level 2.6 Fighting
 + Level 2.6 Short Blades
 + Level 2.6 Long Blades
 + Level 2.6 Axes
 + Level 2.6 Maces & Flails
 + Level 2.6 Polearms
 + Level 2.6 Staves
 + Level 2.6 Slings
 + Level 2.6 Bows
 + Level 2.6 Crossbows
 + Level 2.6 Throwing
 + Level 2.6 Armour
 + Level 5.3 Dodging
 + Level 5.0 Stealth
 + Level 2.6 Shields
 + Level 2.6 Unarmed Combat
 + Level 5.7 Spellcasting
 + Level 3.0 Conjurations
 + Level 2.1 Hexes
 + Level 2.1 Summonings
 + Level 2.1 Necromancy
 + Level 2.1 Translocations
 + Level 2.1 Transmutations
 + Level 5.9 Fire Magic
 + Level 2.1 Ice Magic
 + Level 2.1 Air Magic
 + Level 2.1 Earth Magic
 + Level 2.1 Poison Magic
 + Level 2.9 Invocations
 + Level 2.6 Evocations


You had 7 spell levels left.
You knew the following spells:

 Your Spells              Type           Power      Damage    Failure   Level
a - Foxfire               Conj/Fire      72%        2x1d7     2%          1
b - Scorch                Fire           46%        2d7       1%          2
c - Inner Flame           Hex/Fire       17%        N/A       9%          3
d - Flame Wave            Conj/Fire      18%        2d6       22%         4

Your spell library contained the following spells:

 Spells                   Type           Power      Damage    Failure   Level
 Conjure Flame            Conj/Fire      18%        6-21      7%          3
 Static Discharge         Conj/Air       12%        N/A       8%          2
 Sticky Flame             Conj/Fire      18%        2d4       22%         4
 Cause Fear               Hex            5%         N/A       52%         4
 Dispel Undead            Necr           11%        3d9       52%         4
 Discord                  Hex            5%         N/A       100%        8


Dungeon Overview and Level Annotations

Branches:
Dungeon (5/15)
 Temple: D:4-7

Altars:


Innate Abilities, Weirdness & Mutations

You have very sharp teeth.
Your uncanny sense of smell can sniff out nearby items.
Your experience applies equally to all skills.


Message History

Press: ? - help, Dir - move target
As you read the scroll of blinking, it crumbles to dust.
Casting: Scorch (safe; 1% risk of failure)
Confirm with . or Enter, or press ? or * to list all spells.
You conjure some foxfire!
The foxfire hits the orc.
The orc is almost dead.
The foxfire hits the orc but does no damage.
The orc is almost dead.
The orc attacks as you move away! The orc hits you with a +0 whip.
* * * LOW HITPOINT WARNING * * *
You hit the orc but do no damage.
The orc is almost dead.
The orc misses you.
You hit the orc but do no damage.
The orc is almost dead.
The orc hits you with a +0 whip.
* * * LOW HITPOINT WARNING * * *
Casting: Foxfire (safe; 2% risk of failure)
Confirm with . or Enter, or press ? or * to list all spells.
You conjure some foxfire!
The orc hits you with a +0 whip.
* * * LOW HITPOINT WARNING * * *
The orc attacks as you move away! The orc hits you with a +0 whip.
* * * LOW HITPOINT WARNING * * *
The foxfire hits the orc.
You kill the orc!
The foxfire hits the orc.
The orc is heavily wounded.
A sky beast comes into view.
Okay, then.
The sky beast flickers out of sight!
Deactivating autopickup; reactivate with Ctrl-A.
The orc throws a stone.
The stone misses you.
The orc throws a stone.
The stone barely misses you. Something completely misses you.
Found 15 gold pieces.
Something hits you.
* * * LOW HITPOINT WARNING * * *
Something shocks you.
You die...

**,,*** *,**,,***,,
#.,* *,**,,* **, #..#
*,***,* *,
#..*####**,***,* *,
#..*$..,,,,,,,,* *,
#..,..,,,,,***,* **
#.#*.#***,,,,,,*
#####.##.####.#**,,*
#......@......# *,,*
#.###.###.#####*#..###
*,* #.# *,..,,,,.....#
*,* #.###.###***#..#.#
*,* #oo...# ##..#.#
*,* ##o#### #.....###
**,* #)# #.......#
*,,* #.# #.......#
*,** #.# #..<..#,*


There were no monsters in sight!

Vanquished Creatures
  An ice beast (D:5)
  A necrophage (D:4)
  A scorpion (D:4)
  A jelly (D:4)
  2 orc priests
  An iguana (D:4)
  3 orc wizards
  2 adders
  10 gnolls (D:4)
  An ufetubus (D:4)
  A worm (D:3)
  2 dart slugs (D:2)
  11 orcs
  4 endoplasms
  5 giant cockroaches
  31 goblins
  33 hobgoblins
  4 jackals (D:2)
  7 quokkas
  3 ball pythons
  10 bats
  3 frilled lizards
  8 kobolds
  10 rats
155 creatures vanquished.

Vanquished Creatures (collateral kills)
  9 foxfires (D:2)
9 creatures vanquished.

Vanquished Creatures (others)
  708 foxfires
  4 plants (D:2)
712 creatures vanquished.

Grand Total: 876 creatures vanquished

Notes
Turn   | Place    | Note
-------+----------+-------------------------------------------
     0 | D:1      | Crownlay the Gnoll Fire Elementalist began the quest for
                  | the Orb.
     0 | D:1      | Reached XP level 1. HP: 13/13 MP: 6/6
   186 | D:1      | Reached XP level 2. HP: 19/19 MP: 4/7
   846 | D:1      | Reached XP level 3. HP: 25/25 MP: 7/9
   892 | D:1      | Reached skill level 5 in Spellcasting
  1336 | D:2      | Reached skill level 1 in Invocations
  1502 | D:2      | Reached skill level 1 in Fighting
  1502 | D:2      | Reached skill level 1 in Short Blades
  1502 | D:2      | Reached skill level 1 in Long Blades
  1502 | D:2      | Reached skill level 1 in Axes
  1502 | D:2      | Reached skill level 1 in Maces & Flails
  1502 | D:2      | Reached skill level 1 in Polearms
  1502 | D:2      | Reached skill level 1 in Staves
  1502 | D:2      | Reached skill level 1 in Slings
  1502 | D:2      | Reached skill level 1 in Bows
  1502 | D:2      | Reached skill level 1 in Crossbows
  1502 | D:2      | Reached skill level 1 in Throwing
  1502 | D:2      | Reached skill level 1 in Armour
  1502 | D:2      | Reached skill level 1 in Shields
  1502 | D:2      | Reached skill level 1 in Unarmed Combat
  1502 | D:2      | Reached skill level 1 in Evocations
  1817 | D:2      | Reached XP level 4. HP: 32/32 MP: 4/11
  1921 | D:2      | Learned a level 2 spell: Scorch
  2024 | D:2      | Learned a level 3 spell: Inner Flame
  2483 | D:3      | Found a faded altar of an unknown god.
  3029 | D:3      | Reached skill level 1 in Hexes
  3029 | D:3      | Reached skill level 1 in Summonings
  3029 | D:3      | Reached skill level 1 in Necromancy
  3029 | D:3      | Reached skill level 1 in Translocations
  3029 | D:3      | Reached skill level 1 in Transmutations
  3029 | D:3      | Reached skill level 1 in Ice Magic
  3029 | D:3      | Reached skill level 1 in Air Magic
  3029 | D:3      | Reached skill level 1 in Earth Magic
  3029 | D:3      | Reached skill level 1 in Poison Magic
  3080 | D:3      | Reached XP level 5. HP: 37/37 MP: 4/12
  3721 | D:4      | Reached XP level 6. HP: 44/44 MP: 8/13
  4153 | D:4      | Reached skill level 5 in Dodging
  4834 | D:4      | Reached XP level 7. HP: 15/50 MP: 6/15
  5174 | D:4      | Learned a level 4 spell: Flame Wave
  6242 | D:5      | Entered Level 5 of the Dungeon
  6282 | D:5      | Reached skill level 5 in Stealth
  6321 | D:5      | Slain by a sky beast

Illustrated notes

Levels and vault maps discovered:
D:1:      doesnt_arrival_eight_statues, layout_basic
D:2:      wad_lake_hut, layout_basic
D:3:      layout_basic, basic_ecumenical_altar
D:4:      minmay_goblin_kobold_castle, layout_basic,
          chequers_serial_rivers_micro_e
D:5:      layout_loops_ring

Skill      XL: |  1  2  3  4  5  6  7 |
---------------+----------------------+-----
Conjurations   | 2 3 |  3.0
Spellcasting   | 5 |  5.7
Invocations    | 1 2 |  2.9
Fighting       | 1 2 |  2.6
Short Blades   | 1 2 |  2.6
Long Blades    | 1 2 |  2.6
Axes           | 1 2 |  2.6
Maces & Flails | 1 2 |  2.6
Polearms       | 1 2 |  2.6
Staves         | 1 2 |  2.6
Slings         | 1 2 |  2.6
Bows           | 1 2 |  2.6
Crossbows      | 1 2 |  2.6
Throwing       | 1 2 |  2.6
Armour         | 1 2 |  2.6
Shields        | 1 2 |  2.6
Unarmed Combat | 1 2 |  2.6
Evocations     | 1 2 |  2.6
Hexes          | 1 2 |  2.1
Summonings     | 1 2 |  2.1
Necromancy     | 1 2 |  2.1
Translocations | 1 2 |  2.1
Transmutations | 1 2 |  2.1
Ice Magic      | 1 2 |  2.1
Air Magic      | 1 2 |  2.1
Earth Magic    | 1 2 |  2.1
Poison Magic   | 1 2 |  2.1
Dodging        | 5 |  5.3
Stealth        | 5 |  5.0
Fire Magic     | |  5.9

Action                   |  1- 3 |  4- 6 |  7- 9 || total
-------------------------+-------+-------+-------++-------
Melee: Unarmed           |     4 |       |       ||     4
       Dagger            |     1 |     8 |    19 ||    28
       Bite              |       |       |     4 ||     4
 Cast: Foxfire           |   113 |   206 |    97 ||   416
       Scorch            |       |     2 |     4 ||     6
  Use: Scroll            |       |     2 |     4 ||     6
 Stab: Sleeping          |       |     1 |       ||     1
Armor: Robe              |     4 |     5 |     1 ||    10
Dodge: Dodged            |     9 |    29 |    35 ||    73

Table legend: (Time is in decaauts)
 A = Elapsed time spent in this place.
 B = Non-inter-level travel time spent in this place.
 C = Inter-level travel time spent in this place.
 D = Time resting spent in this place.
 E = Time spent auto-exploring this place.
 F = Levels seen in this place.
 G = Mean time per level.
                   A        B        C        D        E       F      G
               +--------+--------+--------+--------+--------+-----+--------+
         Total |   6367 |   6235 |    132 |     60 |   5358 |   5 | 1273.4 |
       Dungeon |   6367 |   6235 |    132 |     60 |   5358 |   5 | 1273.4 |
               +--------+--------+--------+--------+--------+-----+--------+

Top non-repeatable levels by time:
     D:4: 3001 daAuts
     D:2: 1253 daAuts
     D:1: 1233 daAuts
     D:3: 802 daAuts
     D:5: 76 daAuts
